 Dungeon Crawl Stone Soup version 0.28.0-53-g5a82cb258f (webtiles) character file.

Game seed: 2222593924699613577

1751 LynnLen the Covert (level 8, -4/46 HPs)
             Began as a Vampire Enchanter on July 23, 2022.
             Splashed by a jelly's acid (10 damage)
             ... on level 6 of the Dungeon.
             The game lasted 00:15:25 (5620 turns).

LynnLen the Covert (Vampire Enchanter)              Turns: 5620, Time: 00:15:26

Health: -4/46      AC: 10    Str:  7    XL:     8   Next: 78%
Magic:  9/12       EV: 13    Int: 29    God:
Gold:   259        SH:  0    Dex: 18    Spells: 6/12 levels left

rFire   . . .      SeeInvis +   a - +5 dagger
rCold   + + .      Faith    .   (no shield)
rNeg    + + +      Spirit   .   e - +1 leather armour
rPois   ∞          Reflect  .   h - +2 hat {Int+3}
rElec   .          Harm     .   (no cloak)
rCorr   .          Rampage  .   (no gloves)
Will    .....                   (no boots)
Stlth   ++++++....              (no amulet)
HPRegen 0.00/turn               l - +4 ring of protection
MPRegen 0.13/turn               d - ring of Dujed {Int+8 Slay+4}

@: brilliant, confusing by touch, bloodless, inhibited regen, hasted, very quick
A: bloodless, fangs 3, see invisible, vampiric 2, horns 1, agile 1
a: Bat Form, Revivify


You were on level 6 of the Dungeon.
You visited 1 branch of the dungeon, and saw 8 of its levels.

You collected 259 gold pieces.

Inventory:

Hand Weapons
 a - a +5 dagger (weapon)
Missiles
 m - 6 poisoned darts (quivered)
 q - 8 boomerangs
Armour
 b - a +0 robe
 e - a +1 leather armour (worn)
 h - a +2 hat of intelligence (worn)
Jewellery
 d - the ring of Dujed (right hand) {Int+8 Slay+4}
   (You acquired it on level 4 of the Dungeon)

   [ring of slaying]

   Int:       It affects your intelligence (+8).
   Slay:      It affects your accuracy & damage with ranged weapons and melee
   (+4).
 k - a ring of fire
 l - a +4 ring of protection (left hand)
 p - a +6 ring of intelligence
Wands
 n - a wand of polymorph (15)
 r - a wand of charming (7)
Scrolls
 c - 2 scrolls of fear
 g - 3 scrolls of vulnerability
 i - a scroll of teleportation
 o - a scroll of magic mapping
 u - a scroll of identify
Potions
 f - 2 potions of mutation
 j - a potion of attraction


   Skills:
 * Level 3.5 Fighting
 * Level 7.0 Short Blades
 + Level 4.3 Dodging
 + Level 10.1 Stealth
 + Level 2.8 Spellcasting
 * Level 2.6 Conjurations
 - Level 5.0 Hexes


You had 6 spell levels left.
You knew the following spells:

 Your Spells              Type           Power      Damage    Failure   Level
a - Confusing Touch       Hex            50%        N/A       4%          3
b - Dazzling Flash        Conj/Hex       80%        N/A       7%          3

Your spell library contained the following spells:

 Spells                   Type           Power      Damage    Failure   Level
 Tukima's Dance           Hex            50%        N/A       4%          3
 Ensorcelled Hibernation  Hex/Ice        56%        N/A       6%          2
 Animate Dead             Necr           3%         N/A       75%         4
 Borgnjor's Vile Clutch   Necr/Erth      3%         N/A       97%         5
 Death Channel            Necr           3%         N/A       100%        6


Dungeon Overview and Level Annotations

Branches:
Dungeon (8/15)
 Temple: D:4-7         Lair: D:8-11

Altars:
Wu Jian
Zin

Shops:
D:2 *

Annotations:
D:7 Joseph


Innate Abilities, Weirdness & Mutations

You do not regenerate when monsters are visible.
You are frail without blood (-20% HP).
You can heal yourself when you bite living creatures.
You are immune to poison.
You have razor-sharp teeth.
You have supernaturally acute eyesight. (SInv)
You are afflicted with vampirism and can become a bat while bloodless.
You have a pair of small horns on your head.
You are agile. (Dex +2)


Message History

It was a potion of brilliance.
You feel clever all of a sudden. The hound bites you but does no damage.
The hornet zombie hits you.
* * * LOW HITPOINT WARNING * * *
The hound bites you but does no damage.
It was a potion of haste.
You feel yourself speed up. The hornet zombie hits you.
* * * LOW HITPOINT WARNING * * *
The hound barely misses you.
As you read the scroll of teleportation, it crumbles to dust.
You feel strangely stable. The hound completely misses you.
A jelly comes into view.
Found 11 gold pieces.
Throw: 6 darts (poison)
Press: ? - help, Q - select action, (/) - cycle Shift-Dir - straight line, f - hound
Aim: a hound (57% to hit)
Okay, then.
Casting: Confusing Touch (dangerous; 4% risk of failure)
Confirm with . or Enter, or press ? or * to list all spells.
You feel a surge of power!
Your hands begin to glow red.
You closely miss the hound. You headbutt the hound!
The hound is heavily wounded.
The hound barely misses you.
You hit the hound but do no damage.
The hound appears confused.
The hound is heavily wounded.
You hit the hound but do no damage.
The hound is heavily wounded.
You catch the helpless hound completely off-guard!
You bite the hound, and draw its blood!
You feel better.
You perforate the hound like a sieve!!!
You kill the hound!
Casting: Confusing Touch (dangerous; 4% risk of failure)
Confirm with . or Enter, or press ? or * to list all spells.
You feel a surge of power!
Your hands begin to glow red.
You hit the jelly but do no damage.
Your hands burn!
* * * LOW HITPOINT WARNING * * *
Your headbutt misses the jelly. The jelly hits you.
* * * LOW HITPOINT WARNING * * *
You are splashed with acid!
You die...

J......##### ..# .# ####.
............ #.# ..# ##
..........# #.# ..# ..........#
#$##..# ####......#
###..#..############# # #......#
#.......#............
####......###.......#............
Z..J...........J....#............
#.##......#.#.##@.#(#............
#.##...####.#.##..#.#............
#.###..# #.#.##..#.#............
.......# #......................
#......# #.#.....#.#............
.....######.#.###...#............
#.##.##..........................
....................###.###......
#.##....###.#####.#># #.# #......


You could see a jelly.

Vanquished Creatures
  Grinder (D:3)
  Sigmund (D:4)
  A steam dragon (D:6)
  A sky beast (D:6)
  2 necrophages (D:5)
  An ogre (D:4)
  A centaur (D:6)
  A phantom (D:6)
  A bullfrog (D:6)
  A scorpion (D:6)
  2 water moccasin zombies
  A water moccasin skeleton (D:6)
  2 howler monkeys (D:6)
  A bullfrog zombie (D:5)
  2 hounds (D:6)
  A gnoll shaman (D:6)
  An iguana (D:5)
  Jessica (D:3)
  An orc wizard (D:7)
  A hound skeleton (D:4)
  3 gnolls (D:4)
  5 adders
  An ufetubus (D:4)
  A worm (D:2)
  5 dart slugs
  9 orcs
  7 bats
  3 endoplasms
  A giant cockroach (D:2)
  6 hobgoblins
  3 jackals (D:2)
  3 quokkas
  9 ball pythons
  5 frilled lizards
  7 goblins
  9 kobolds
  4 rats
105 creatures vanquished.

Notes
Turn   | Place    | Note
-------+----------+-------------------------------------------
     0 | D:1      | LynnLen the Vampire Enchanter began the quest for the Orb.
     0 | D:1      | Reached XP level 1. HP: 13/13 MP: 3/3
   299 | D:1      | Reached XP level 2. HP: 16/16 MP: 5/5
   908 | D:2      | Reached skill level 5 in Stealth
  1028 | D:2      | Gained mutation: You are afflicted with vampirism and can
                  | become a bat while bloodless. [Vampire growth]
  1028 | D:2      | Reached XP level 3. HP: 17/20 MP: 6/6
  1038 | D:2      | Learned a level 3 spell: Confusing Touch
  1042 | D:2      | Learned a level 3 spell: Dazzling Flash
  1045 | D:2      | Found Quthrocimp's General Store.
  1159 | D:2      | Found a faded altar of an unknown god.
  2286 | D:3      | Reached skill level 1 in Fighting
  2286 | D:3      | Reached XP level 4. HP: 19/25 MP: 7/7
  2386 | D:3      | Found an ornate altar of the Wu Jian Council.
  2416 | D:3      | Noticed Jessica
  2423 | D:3      | Killed Jessica
  2424 | D:3      | Reached XP level 5. HP: 29/29 MP: 8/8
  2435 | D:3      | Noticed Grinder
  2450 | D:3      | Paralysed by Grinder for 3 turns
  2476 | D:3      | Paralysed by Grinder for 5 turns
  2492 | D:3      | Killed Grinder
  2493 | D:3      | Reached skill level 6 in Stealth
  2493 | D:3      | Reached skill level 5 in Hexes
  2493 | D:3      | Reached XP level 6. HP: 8/35 MP: 1/9
  2895 | D:4      | Noticed Sigmund
  2898 | D:4      | Killed Sigmund
  2899 | D:4      | Reached skill level 5 in Short Blades
  2899 | D:4      | Reached XP level 7. HP: 40/40 MP: 10/10
  3078 | D:4      | Reached skill level 7 in Stealth
  3078 | D:4      | Reached skill level 1 in Conjurations
  3552 | D:4      | Identified the +0 scale mail "Joyzxogexo" {Harm +Inv rF-
                  | Dex+6}
  3890 | D:4      | Identified a scroll of acquirement
  3890 | D:4      | Acquired the ring of Dujed {Int+8 Slay+4}
  3988 | D:5      | Entered Level 5 of the Dungeon
  4101 | D:5      | Reached skill level 8 in Stealth
  4401 | D:5      | You fall into a shaft and drop 3 floors!
  4508 | D:7      | Noticed Joseph
  4691 | D:6      | Reached XP level 8. HP: 28/45 MP: 12/12
  4809 | D:6      | Reached skill level 9 in Stealth
  5578 | D:6      | Reached skill level 10 in Stealth
  5580 | D:6      | Gained mutation: You are agile. (Dex +2) [potion of
                  | mutation]
  5580 | D:6      | Gained mutation: You have a pair of small horns on your
                  | head. [potion of mutation]
  5620 | D:6      | Splashed by a jelly's acid

Illustrated notes

Levels and vault maps discovered:
D:1:      lightli_arrival_flooded_house, layout_rooms
D:2:      minmay_alternating_diamond, layout_basic,
          shapermc_ecumenical_altar_acropolis, serial_shops,
          nicolae_shop_window_shopping
D:3:      layout_rooms, chequers_temple_overflow_statue_of_worship,
          uniq_grinder, uniq_jessica
D:4:      layout_loops_ring, uniq_sigmund
D:5:      layout_basic
D:6:      layout_basic, makhleb_altar_promises_db,
          hangedman_abyss_or_decor_passed, minmay_fractal_squares_diagonal_5
D:7:      layout_rooms, grunt_temple_overflow_opulence,
          minmay_temple_entry_grid, uniq_joseph
D:8:      layout_loops_cross, mainiacjoe_overflow_large_starburst, serial_shops,
          nicolae_lakefront_shop, enter_bailey_3

Skill      XL: |  1  2  3  4  5  6  7  8 |
---------------+-------------------------+-----
Stealth        | 5 6 8 10 | 10.1
Short Blades   | 3 4 5 6 7 |  7.0
Fighting       | 1 2 3 |  3.5
Dodging        | 3 4 |  4.3
Hexes          | 5 |  5.0
Conjurations   | 1 2 |  2.6
Spellcasting   | |  2.8

Action                   |  1- 3 |  4- 6 |  7- 9 || total
-------------------------+-------+-------+-------++-------
Melee: Dagger            |   168 |    33 |   183 ||   384
       Bite              |    14 |     4 |    19 ||    37
       Punch             |     5 |       |     3 ||     8
       Headbutt          |       |       |     1 ||     1
 Cast: Confusing Touch   |       |     3 |     5 ||     8
 Abil: Exsanguinate      |     1 |       |       ||     1
  Use: Scroll            |    10 |     2 |     8 ||    20
       Potion            |     1 |       |     4 ||     5
 Stab: Sleeping          |    16 |     4 |    14 ||    34
       Distracted        |     1 |       |     1 ||     2
       Confused          |       |     4 |     2 ||     6
       Invisible         |       |       |     2 ||     2
Armor: Robe              |     4 |       |       ||     4
       Leather armour    |    48 |     8 |    57 ||   113
Dodge: Dodged            |   112 |    15 |    91 ||   218
